cohdb
Replays
Latest Replays
All Replays
Popular Replays
Top Player Replays
Match Explorer
How It Works
Community
CoH3 Stats
Reddit
Sign in to upload your games and track your stats! →
Sign in with Steam
Match 47270857
Unlisted
Match 47270857
Overview
Messages
Build Orders
End
Construct Infanterie Kompanie
Pioneer Squad
Selects Mechanized Battlegroup
MG 42 Machine Gun Team
GrW 34 Mortar Team
MG 42 Machine Gun Team
Construct Panzergrenadier Kompanie
Medical Station
Selects Spotting Scopes
Panzergrenadier Squad
Pak 40 Anti-tank Gun Team
Pioneer Squad
Panzergrenadier Squad
Construct Panzer Kompanie
Selects Wespe Self-propelled Artillery
Panzer IV Medium Tank
Stoßtruppen Squad
Selects Zeroing Artillery Barrage
Sturmpanzer IV Brummbär
Selects Raid Package
Zeroing Artillery Barrage
Panzer IV Medium Tank
Selects StuG Assault Group
Selects UNKNOWN (2160084)
Panther Heavy Tank
TopNotchScotch
Predator
宇哥天下第一
Shingles
ShaneMoneyMurray
kyunghatkfkd
0
0
Comments
sign in to comment!
No comments posted yet!